 Dungeon Crawl Stone Soup version 0.19.5 (webtiles) character file.

21552 Jynx the Bludgeoner (level 12, -6/116 HPs)
             Began as a Minotaur Fighter on Mar 5, 2017.
             Was a High Priest of Okawaru.
             Mangled by a torpor snail (8 damage)
             ... on level 4 of the Lair of Beasts.
             The game lasted 00:26:22 (13885 turns).

Jynx the Bludgeoner (Minotaur Fighter)             Turns: 13885, Time: 00:26:23

Health: -6/116     AC: 17    Str: 24    XL:     12   Next: 55%
Magic:  5/11       EV: 12    Int:  5    God:    Okawaru [*****.]
Gold:   356        SH:  0    Dex: 12    Spells: 0 memorised, 11 levels left

rFire  . . .     SeeInvis +     N - +5 great mace of Myatyg {speed, rElec Dex-3 SInv}
rCold  + . .     Gourm    .     x - +0 chain mail {rC+}
rNeg   . . .     Faith    +     (shield currently unavailable)
rPois  .         Spirit   .     (helmet restricted)
rElec  +         Reflect  .     A - +0 cloak
rCorr  .         Harm     .     o - +1 pair of gloves
MR     .....                    (no boots)
Stlth  ..........               j - amulet of faith
                                (no ring)
                                m - +3 ring of dexterity

@: heroism, finesse, slowed, very slow
A: retaliatory headbutt, horns 2
a: Heroism, Finesse, Renounce Religion


You were on level 4 of the Lair of Beasts.
You worshipped Okawaru.
Okawaru was extremely pleased with you.
You were hungry.

You visited 3 branches of the dungeon, and saw 15 of its levels.

You collected 631 gold pieces.
You spent 275 gold pieces at shops.

Inventory:

Hand Weapons
 a - a +0 flail
 u - a +2 mace of protection
 v - a +4 mace of draining
 N - the +5 great mace of Myatyg (weapon) {speed, rElec Dex-3 SInv}
   (Okawaru gifted it to you on level 1 of the Lair of Beasts)

   Attacks with this weapon are significantly faster.
   It affects your dexterity (-3).
   It insulates you from electricity.
   It lets you see invisible.
Armour
 c - a +0 shield
 o - a +1 pair of gloves (worn)
 x - a +0 chain mail of cold resistance (worn)
 A - a +0 cloak (worn)
 K - the +3 chain mail "Tefojix" {-Tele rPois rF++ Str+4}
   (You bought it in a shop on level 9 of the Dungeon)

   It affects your strength (+4).
   It greatly protects you from fire.
   It protects you from poison.
   It prevents most forms of teleportation.
 U - the +6 scale mail "Anaiz" {Int+3}
   (You found it on level 4 of the Lair of Beasts)

   It affects your intelligence (+3).
Jewellery
 j - an amulet of faith (around neck)
 m - a +3 ring of dexterity (left hand)
 q - an uncursed ring of fire
 B - an uncursed amulet of magic regeneration
 L - a +2 amulet of reflection
Wands
 r - a wand of slowing (15/48)
 t - a wand of teleportation (1/9)
 y - a wand of paralysis (5/24)
 C - a wand of disintegration (5/24)
 D - a wand of teleportation (7/9)
 G - a wand of flame (23/48)
 H - a wand of iceblast (7/15)
 M - a wand of flame (36/48)
 S - a wand of iceblast (6/15)
 T - a wand of iceblast (6/15)
Scrolls
 e - 3 scrolls of amnesia
 g - 7 scrolls of remove curse
 h - 2 scrolls of blinking
 l - 3 scrolls of teleportation
 n - 3 scrolls of fog
 Q - a scroll of identify
Potions
 b - 2 potions of resistance {unknown}
 d - 5 potions of might
 i - 3 potions of heal wounds
 k - 3 potions of curing
 p - 2 potions of flight
 s - a potion of cancellation
 z - 2 potions of ambrosia {unknown}
 J - 2 potions of berserk rage {unknown}
 O - 2 potions of invisibility
Comestibles
 f - 11 bread rations
 w - 4 meat rations
 E - 6 beef jerkies
 F - 2 royal jellies
 I - a slice of pizza
 P - 2 fruits
 R - a chunk of flesh


   Skills:
 + Level 13.7(18.7) Fighting
 + Level 17.2(22.2) Maces & Flails
 + Level 8.5(13.5) Armour
 + Level 1.4(6.4) Dodging
 - Level 8.0(13.0) Shields


You had 11 spell levels left.
You didn't know any spells.

Dungeon Overview and Level Annotations

Branches:
Dungeon (10/15)            Temple (1/1) D:7            Lair (4/6) D:9
 Shoals (0/4) Lair:2        Snake (0/4) Lair:3
    Orc: D:9-12

Altars:
Ashenzari
Dithmenos
Elyvilon
Fedhas
Gozag
Hepliaklqana
Kikubaaqudgha
Makhleb
Nemelex Xobeh
Okawaru
Qazlal
Ru
Sif Muna
Trog
Uskayaw
Vehumet
Xom
Yredelemnul
Zin
The Shining One

Shops:
D:6 :   D:8 ?   D:9 [

Annotations:
D:6 1 runed door


Innate Abilities, Weirdness & Mutations

You reflexively headbutt those who attack you in melee.
You have a pair of horns on your head.


Message History

The yak is moderately wounded.
You hammer the yak like a gong!!!
You kill the yak!
Okawaru accepts your kill.
Being near the torpor snail leaves you feeling lethargic.
Your chain mail prevents you from hitting the yak.
You bludgeon the yak!! You headbutt the yak!
The yak is almost dead.
The komodo dragon hisses menacingly.
You bludgeon the yak!!
You kill the yak!
Okawaru accepts your kill. The yak closely misses you. You furiously retaliate!
You headbutt the yak! The komodo dragon barely misses you.
You furiously retaliate!
You headbutt the komodo dragon. The torpor snail bites you!
* * * LOW HITPOINT WARNING * * *
The yak gores you!
* * * LOW HITPOINT WARNING * * *
The komodo dragon closely misses you. The torpor snail bites you!
You die...

#...# ##..# ##### # ##...#
#..######.P# .#.#.#..##
##...........
.....(...#####............
.........##.#.#..>........
.........###..............
.....?$..###.#............
........w##..#...........)
..%....ll@..###...........
........Y#### #...........
.........# #...........
.........P #....)......
.#.#.###.# #...........
##.# ### #########..# ##
####


You could see a torpor snail, a komodo dragon, a yak and a wyvern.

Vanquished Creatures
  Nergalle (Lair:2)
  Pikel (D:9)
  The ghost of Elsvaer the Thaumaturge, a novice DEWz of Qazlal (D:8)
  3 black mambas
  6 elephants (Lair:2)
  Joseph (D:7)
  Psyche (D:8)
  5 spiny frogs
  4 rime drakes
  6 komodo dragons
  A hornet (D:9)
  4 blink frogs (Lair:1)
  4 hippogriffs
  A snapping turtle (Lair:2)
  2 basilisks (Lair:1)
  25 yaks
  5 soldier ants (D:6)
  Duvessa (D:5)
  10 water moccasins
  2 porcupines (Lair:3)
  A sky beast (D:8)
  2 ice beasts
  An orc warrior (D:9)
  7 ogres
  3 centaurs
  4 crocodiles
  A big kobold (D:6)
  Blork the orc (D:9)
  12 bullfrogs
  Dowan (D:5)
  4 scorpions
  9 killer bees (D:6)
  3 wights (D:7)
  An electric eel (Lair:2)
  3 howler monkeys
  5 crimson imps
  A bullfrog zombie (D:4)
  3 hounds
  Crazy Yiuf (D:2)
  5 orc priests
  3 jellies
  5 orc wizards
  3 bullfrog skeletons
  Natasha (thrice) (D:2)
  3 iguanas
  10 worker ants
  A worker ant zombie (D:8)
  Robin (D:2)
  6 gnolls (D:2)
  16 adders
  2 howler monkey skeletons (D:7)
  A river rat (D:9)
  A shadow imp (D:8)
  An ooze (D:5)
  4 adder zombies
  3 adder skeletons
  2 worms
  3 dart slugs (D:1)
  6 leopard geckos
  29 orcs
  10 bats
  5 giant cockroaches
  13 goblins
  14 hobgoblins
  8 jackals
  7 kobolds
  3 quokkas
  2 ball pythons
  5 frilled lizards
  9 rats
  A fungus (D:2)
332 creatures vanquished.

Vanquished Creatures (others)
  An orc (D:9)
  A quokka (D:7)
  9 fungi
  3 plants
14 creatures vanquished.

Grand Total: 346 creatures vanquished

Notes
Turn   | Place    | Note
-------+----------+-------------------------------------------
     0 | D:1      | Jynx the Minotaur Fighter began the quest for the Orb.
     0 | D:1      | Reached XP level 1. HP: 19/19 MP: 0/0
    98 | D:1      | Reached skill level 3 in Maces & Flails
   193 | D:1      | Reached XP level 2. HP: 22/27 MP: 1/1
   326 | D:1      | Found a shattered altar of Ashenzari.
   538 | D:2      | Noticed Robin
   541 | D:2      | Noticed Natasha
   551 | D:2      | Noticed a crimson imp
   552 | D:2      | Reached XP level 3. HP: 33/33 MP: 2/2
   560 | D:2      | Reached skill level 4 in Maces & Flails
   567 | D:2      | Killed Natasha
   579 | D:2      | Noticed Natasha
   579 | D:2      | Killed Robin
   579 | D:2      | Reached XP level 4. HP: 12/41 MP: 3/3
   582 | D:2      | Killed Natasha
   582 | D:2      | Reached skill level 5 in Maces & Flails
  1051 | D:2      | Noticed Natasha
  1055 | D:2      | Killed Natasha
  1055 | D:2      | Reached XP level 5. HP: 47/47 MP: 4/4
  1135 | D:2      | Reached skill level 5 in Fighting
  1439 | D:2      | Reached skill level 6 in Maces & Flails
  1701 | D:2      | Found a runed door.
  1705 | D:2      | Noticed Crazy Yiuf
  1714 | D:2      | Killed Crazy Yiuf
  2170 | D:3      | Reached XP level 6. HP: 56/56 MP: 5/5
  2465 | D:3      | Reached skill level 7 in Maces & Flails
  2755 | D:4      | Reached XP level 7. HP: 59/63 MP: 6/6
  2775 | D:4      | Reached skill level 8 in Maces & Flails
  2973 | D:4      | Found a shattered altar of Ashenzari.
  2973 | D:4      | Found a hazy altar of Hepliaklqana.
  3286 | D:4      | Found a bloodstained altar of Trog.
  3402 | D:5      | Entered Level 5 of the Dungeon
  3498 | D:5      | Reached skill level 9 in Maces & Flails
  3943 | D:5      | Noticed Duvessa
  3959 | D:5      | Killed Duvessa
  3959 | D:5      | Reached XP level 8. HP: 65/73 MP: 7/7
  3976 | D:5      | Noticed Dowan
  3984 | D:5      | Killed Dowan
  4379 | D:5      | Reached skill level 10 in Maces & Flails
  4830 | D:6      | Found a runed door.
  4830 | D:6      | Found a runed gate.
  4836 | D:6      | Found a runed gate.
  4836 | D:6      | Found a runed gate.
  4846 | D:6      | Found a runed door.
  4905 | D:6      | Reached skill level 11 in Maces & Flails
  5083 | D:6      | Found Woluel's Book Shop.
  5160 | D:6      | Found a glowing silver altar of Zin.
  5160 | D:6      | Found a radiant altar of Vehumet.
  5319 | D:6      | Reached XP level 9. HP: 59/82 MP: 8/8
  5351 | D:6      | Reached skill level 12 in Maces & Flails
  6261 | D:7      | Reached skill level 13 in Maces & Flails
  6598 | D:7      | Reached skill level 10 in Fighting
  6659 | D:7      | Noticed Joseph
  6680 | D:7      | Killed Joseph
  6998 | D:7      | Found a staircase to the Ecumenical Temple.
  7007 | Temple   | Entered the Ecumenical Temple
  7080 | Temple   | Became a worshipper of Warmaster Okawaru
  7410 | D:7      | Found a stormy altar of Qazlal.
  7411 | D:7      | Found a white marble altar of Elyvilon.
  7414 | D:7      | Reached XP level 10. HP: 94/94 MP: 9/9
  7682 | D:8      | Noticed Elsvaer's ghost (novice DEWz)
  7740 | D:8      | Killed Elsvaer's ghost
  7740 | D:8      | Reached * piety under Okawaru
  7740 | D:8      | Reached skill level 14 in Maces & Flails
  8042 | D:8      | Noticed Psyche
  8064 | D:8      | Killed Psyche
  8184 | D:8      | Reached ** piety under Okawaru
  8189 | D:8      | Found a shadowy altar of Dithmenos.
  8468 | D:8      | Found Tasch's Magic Scroll Shoppe.
  8775 | D:9      | Noticed Pikel
  8776 | D:9      | Paralysed by a hornet for 3 turns
  8784 | D:9      | Found a staircase to the Lair.
  9029 | D:9      | Reached skill level 15 in Maces & Flails
  9255 | D:9      | Found an opulent altar of Gozag.
  9365 | D:9      | Killed Pikel
  9365 | D:9      | Reached *** piety under Okawaru
  9431 | D:9      | Found Senauqoa's Antique Armour Emporium.
  9436 | D:9      | Bought an ancient chain mail for 275 gold pieces
  9446 | D:9      | Identified the +3 chain mail "Tefojix" {-Tele rPois rF++ Str+4} (You bought it in a shop on level 9 of the Dungeon)
  9592 | D:9      | Noticed Blork the orc
  9601 | D:9      | Found a deep blue altar of Sif Muna.
  9621 | D:9      | Killed Blork the orc
  9630 | D:10     | Entered Level 10 of the Dungeon
  9692 | Lair:1   | Entered Level 1 of the Lair of Beasts
  9738 | Lair:1   | Reached XP level 11. HP: 104/104 MP: 10/10
  9772 | Lair:1   | Reached **** piety under Okawaru
  9776 | Lair:1   | Reached skill level 16 in Maces & Flails
 10033 | Lair:1   | HP: 4/104 [yak (3)]
 10051 | Lair:1   | Reached ***** piety under Okawaru
 10409 | Lair:1   | Received a gift from Okawaru
 10659 | Lair:1   | Got a pitted great mace {god gift}
 10660 | Lair:1   | Identified the +5 great mace of Myatyg {speed, rElec Dex-3 SInv} (Okawaru gifted it to you on level 1 of the Lair of Beasts)
 10679 | Lair:1   | Reached skill level 5 in Armour
 11041 | Lair:1   | Reached skill level 5 in Shields
 11217 | Lair:1   | Identified a scroll of acquirement
 11550 | Lair:2   | Received a gift from Okawaru
 11632 | Lair:2   | Noticed Nergalle
 11640 | Lair:2   | Killed Nergalle
 11988 | Lair:2   | Found a staircase to the Shoals.
 12158 | Lair:2   | Reached XP level 12. HP: 75/115 MP: 11/11
 12166 | Lair:2   | Received a gift from Okawaru
 12794 | Lair:3   | Reached skill level 17 in Maces & Flails
 13238 | Lair:3   | Found a staircase to the Snake Pit.
 13790 | Lair:4   | Got a faintly humming scale mail
 13801 | Lair:4   | Identified the +6 scale mail "Anaiz" {Int+3} (You found it on level 4 of the Lair of Beasts)
 13878 | Lair:4   | Reached skill level 1 in Dodging
 13885 | Lair:4   | HP: 2/116 [yak[a torpor snail] (10)]
 13885 | Lair:4   | Mangled by a torpor snail

Skill      XL: |  1  2  3  4  5  6  7  8  9 10 11 12 |
---------------+-------------------------------------+-----
Maces & Flails | 3 4 5 6 7 9 11 13 15 16 17 | 17.2
Fighting       | 4 5 6 7 8 10 11 13 | 13.7
Armour         | 6 8 |  8.5
Shields        | 6 8 |  8.0
Dodging        | 1 |  1.4

Action                   |  1- 3 |  4- 6 |  7- 9 | 10-12 || total
-------------------------+-------+-------+-------+-------++-------
Melee: Flail             |    73 |    78 |       |       ||   151
       Headbutt          |    11 |    22 |    63 |   110 ||   206
       Mace              |       |    59 |   365 |   267 ||   691
       Great mace        |       |       |       |   210 ||   210
Invok: Heroism           |       |       |       |     6 ||     6
       Finesse           |       |       |       |     1 ||     1
Evoke: Wand              |       |       |       |     3 ||     3
  Use: Scroll            |       |    14 |     4 |     9 ||    27
       Potion            |       |       |       |     3 ||     3
  Eat: Chunk             |       |     6 |    14 |    13 ||    33
       Beef jerky        |       |       |     1 |     1 ||     2
       Meat ration       |       |       |       |     1 ||     1
Armor: Scale mail        |    43 |    49 |       |       ||    92
       Chain mail        |       |    14 |   169 |   189 ||   372
Dodge: Dodged            |    38 |    68 |   127 |   148 ||   381
